 Dungeon Crawl Stone Soup version 0.30.0-3-ga4e48a9924 (webtiles) character file.

Game seed: 3883602536774472486

93 hawla the Firebug (level 5, -4/38 HPs)
             Began as a Meteoran Fire Elementalist on May 7, 2023.
             Slain by Blork the orc
             ... wielding a +0 short sword
              (10 damage)
             ... on level 4 of the Dungeon.
             The game lasted 00:02:41 (291 turns).

hawla the Firebug (Meteoran Fire Elementalist)       Turns: 291, Time: 00:02:41

Health: -4/38      AC:  2    Str:  9    XL:     5   Next: 16%
Magic:  4/10       EV: 13    Int: 19    God:
Gold:   26         SH:  5    Dex: 14    Spells: 3/10 levels left

rFire   . . .        e - +2 dagger (venom)
rCold   . . .        (no shield)
rNeg    . . .        a - +0 robe
rPois   .            (no helmet)
rElec   .            (no cloak)
rCorr   .            (no gloves)
SInv    .            (no boots)
Will    .....        f - amulet of reflection
Stlth   +            (no ring)
HPRegen 0.26/turn    (no ring)
MPRegen 0.12/turn

%: reflection
@: glowing
A: sense surroundings 1, otherworldly, glowing, explore regen
a: no special abilities


You were on level 4 of the Dungeon.
You visited 1 branch of the dungeon, and saw 4 of its levels.

You collected 26 gold pieces.

Inventory:

Hand Weapons
 e - a +2 dagger of venom (weapon)
Armour
 a - a +0 robe (worn)
Jewellery
 f - an amulet of reflection (around neck)
Potions
 b - a potion of magic
 c - 3 potions of berserk rage {unknown}
 d - a potion of curing {unknown}
 h - a potion of flight {unknown}


   Skills:
 - Level 3.0 Dodging
 - Level 1.4 Stealth
 - Level 0.4 Shields
 - Level 3.3 Spellcasting
 + Level 2.8 Conjurations
 - Level 5.0 Fire Magic


You had 3 spell levels left.
You knew the following spells:

 Your Spells              Type           Power      Damage    Failure   Level
a - Foxfire               Conj/Fire      68%        2x1d7     3%          1
b - Scorch                Fire           44%        2d6       2%          2
c - Flame Wave            Conj/Fire      17%        2d7       30%         4

Your spell library contained the following spells:

 Spells                   Type           Power      Damage    Failure   Level
 Magic Dart               Conj           52%        1d5       4%          1
 Momentum Strike          Conj/Tloc      16%        3d8       13%         2
 Inner Flame              Hex/Fire       12%        N/A       16%         3
 Volatile Blastmotes      Fire/Tloc      24%        2d12      16%         3
 Blink                    Tloc           6%         N/A       22%         2
 Call Imp                 Summ           6%         N/A       22%         2
 Lesser Beckoning         Tloc           6%         N/A       22%         2
 Mephitic Cloud           Conj/Pois/Air  6%         N/A       30%         3


Dungeon Overview and Level Annotations

Branches:
Dungeon (4/15) Zot: 2109
 Temple: D:4-7

Altars:

Annotations:
D:4 Blork the orc


Innate Abilities, Weirdness & Mutations

You passively map a small area around you.
You are easily found by Zot.
You glow in the dark.
You regain HP and MP as you explore.


Message History

You conjure some foxfire!
The foxfire hits the gnoll.
The gnoll is heavily wounded.
The foxfire hits the gnoll.
The gnoll is severely wounded.
Blork the orc begins to cast a cantrip, but forgets the words!
A goblin comes into view. It is wielding a +0 club.
The gnoll hits you from afar with a +0 spear!
Casting: Foxfire (safe; 3% risk of failure)
Confirm with . or Enter, or press ? or * to list all spells.
You conjure some foxfire!
The foxfire hits the gnoll.
The gnoll is severely wounded.
The foxfire hits the gnoll but does no damage.
The gnoll is severely wounded.
You block the gnoll's attack. The gnoll closely misses you.
Unknown command.
As you read the scroll labelled SYFOOPHUITS, it crumbles to dust.
It is a scroll of amnesia.
Really abort (and waste the scroll)?
Okay, then.
The foxfire hits the gnoll.
The gnoll is almost dead.
The foxfire hits the gnoll.
You kill the gnoll!
A goblin comes into view. It is wielding a +1 dagger of venom.
The gnoll hits you from afar with a +0 spear.
Blork the orc attacks as you move away!
Blork the orc hits you with a +0 short sword.
Blork the orc attacks as you move away!
Blork the orc hits you with a +0 short sword.
Blork the orc casts a spell at you. The magic dart hits you.
Blork the orc points at you and mumbles some strange words.
The magic dart hits you. Blork the orc casts a spell at you.
The puff of frost hits you!
* * * LOW HITPOINT WARNING * * *
Found a stone staircase leading up.
Blork the orc attacks as you move away! You block Blork the orc's attack.
Blork the orc hits you with a +0 short sword!
You die...

#.# #....... ,
###.#######....... * #
#.........'....... ###.#####
#.#.#######....... ,
........#####.#.##.####.......
....)).g.gg.g..............#.#
,........#####.#.....###.#..#.#
.g......# #o#.........#..#.#
........# #@#.........#..#.#
........# #.#.........#..#.#
........# #.#.........#..#.# ,
.....#### #.#.........#....#
###..* #.#.........#.#### * ,
..#.........#.# ............
<.#.........#.# ...........
............#.#### ##........ ,
...........+.....


You could see Blork the orc (fast) and a gnoll.

Vanquished Creatures
  A hound (D:4)
  3 adders
  2 gnolls (D:4)
  2 dart slugs (D:4)
  A bat (D:2)
  An endoplasm (D:4)
  2 hobgoblins
  A ball python (D:4)
  A goblin (D:1)
  A kobold (D:3)
  2 rats
17 creatures vanquished.

Vanquished Creatures (others)
  50 foxfires
50 creatures vanquished.

Grand Total: 67 creatures vanquished

Notes
Turn   | Place    | Note
-------+----------+-------------------------------------------
     0 | D:1      | hawla the Meteoran Fire Elementalist began the quest for
                  | the Orb.
     0 | D:1      | Reached XP level 1. HP: 14/14 MP: 5/5
    91 | D:2      | Reached skill level 4 in Fire Magic
    91 | D:2      | Reached XP level 2. HP: 20/20 MP: 4/6
   121 | D:3      | Reached XP level 3. HP: 26/26 MP: 3/8
   240 | D:4      | Reached XP level 4. HP: 33/33 MP: 6/9
   251 | D:4      | Reached skill level 5 in Fire Magic
   260 | D:4      | Learned a level 2 spell: Scorch
   265 | D:4      | Learned a level 4 spell: Flame Wave
   276 | D:4      | Noticed Blork the orc
   281 | D:4      | Reached XP level 5. HP: 34/38 MP: 5/10
   291 | D:4      | Slain by Blork the orc

Illustrated notes

Levels and vault maps discovered:
D:1:      scummos_arrival_star, layout_rooms
D:2:      layout_basic, minmay_close_crescents
D:3:      mumra_celtic_spiral_tile, layout_basic, mainiacjoe_overflow_alcove_4,
          uniq_terence
D:4:      layout_basic, uniq_blork_the_orc

Skill      XL: |  1  2  3  4 |
---------------+-------------+-----
Fire Magic     | 4 5 |  5.0
Spellcasting   | 3 |  3.3
Conjurations   | 2 |  2.8
Dodging        | 3 |  3.0
Stealth        | |  1.4
Shields        | |  0.4

Action                     |  1- 3 |  4- 6 || total
---------------------------+-------+-------++-------
  Melee: Dagger            |     3 |     6 ||     9
   Cast: Foxfire           |    22 |     8 ||    30
    Use: Scroll            |       |     1 ||     1
  Dodge: Dodged            |     1 |     3 ||     4
  Block: Other             |     1 |     6 ||     7
